 Dungeon Crawl Stone Soup version 0.26-a0-540-g8a0c9464d7 (webtiles) character file.

Game seed: 9208878520818221254

4182 HammerPanzer the Carver (level 10, 0/84 HPs)
             Began as a Black Draconian Berserker on Aug 18, 2020.
             Was an Elder of Trog.
             Killed from afar by a fire dragon (20 damage)
             ... with a blast of flame
             ... on level 9 of the Dungeon.
             The game lasted 00:24:05 (8970 turns).

HammerPanzer the Carver (Black Draconian Berserker) Turns: 8970, Time: 00:24:06

Health: 0/84       AC: 15    Str: 21    XL:     10   Next: 8%
Magic:  10/10      EV: 11    Int: 10    God:    Trog [****..]
Gold:   278        SH: 20    Dex: 10    Spells: 9/9 levels left

rFire    . . .     SeeInvis +   p - +0 long sword (vorpal)
rCold    . . .     Faith    .   C - +1 tower shield {AC+3}
rNeg     . . .     Spirit   .   (armour unavailable)
rPois    .         Reflect  +   (helmet restricted)
rElec    +         Harm     .   D - +1 cloak
rCorr    .                      g - +2 pair of gloves
MR       .....                  (no boots)
Stlth    +.........             y - amulet of reflection
HPRegen  0.24/turn              a - ring of see invisible
MPRegen  0.12/turn              (no ring)

@: berserk cooldown, slowed, very slow
A: breathe lightning, unfitting armour, electricity resistance, cold-blooded, AC
+7
a: Breathe Lightning, Berserk, Trog's Hand, Brothers in Arms, Renounce Religion


You were on level 9 of the Dungeon.
You worshipped Trog.
Trog was greatly pleased with you.
You visited 1 branch of the dungeon, and saw 9 of its levels.

You collected 525 gold pieces.
You spent 247 gold pieces at shops.

Inventory:

Hand Weapons
 p - a +0 vorpal long sword (weapon)
Missiles
 w - 5 javelins (quivered)
Armour
 g - a +2 pair of gloves (worn)
 C - a +1 tower shield of protection (worn)
 D - a +1 cloak (worn)
Jewellery
 a - a ring of see invisible (left hand)
 d - an uncursed ring of ice
 y - an amulet of reflection (around neck)
Wands
 m - a wand of iceblast (15)
 q - a wand of acid (16)
 t - a wand of disintegration (8)
 v - a wand of polymorph (31)
 x - a wand of paralysis (3)
 B - a wand of flame (11)
Scrolls
 e - 2 scrolls of enchant armour
 i - 3 scrolls of enchant weapon
 k - 4 scrolls of remove curse
 n - a scroll of teleportation
 u - 2 scrolls of fear
 E - a scroll of blinking
Potions
 b - 2 potions of flight
 c - 5 potions of curing
 f - a potion of ambrosia
 h - 2 potions of heal wounds {unknown}
 j - a potion of stabbing
 l - 3 potions of brilliance
 o - a potion of haste {unknown}
 r - a potion of berserk rage {unknown}
 s - a potion of cancellation {unknown}
 z - 3 potions of mutation
 A - a potion of might
 F - a potion of magic {unknown}


   Skills:
 + Level 6.3 Fighting
 * Level 10.9 Long Blades
 + Level 7.3 Dodging
 + Level 4.7 Shields


You had 9 spell levels left.
You didn't know any spells.
Your spell library was empty.

Dungeon Overview and Level Annotations

Branches:
Dungeon (9/15)             Temple (0/1) D:5            Lair (0/6) D:9
    Orc: D:9-12

Altars:
Cheibriados
Dithmenos
Fedhas
Gozag
Vehumet
Wu Jian

Shops:
D:6 ?**(


Innate Abilities, Weirdness & Mutations

You can breathe wild blasts of lightning.
Your glossy black scales are hard. (AC +7)
You cannot fit into any form of body armour.
You are resistant to electric shocks. (rElec)
You are cold-blooded and may be slowed by cold attacks.


Message History

The orc priest invokes the aid of Beogh against you.
You struggle to resist.
The fire dragon bites you!
The fire dragon claws you but does no damage.
You block the fire dragon's attack.
The orc wizard gestures at you while chanting.
You easily resist.
The fire dragon breathes flames at you. The blast of flame hits you!!
The fire dragon barely misses you. The fire dragon claws you!
The fire dragon tramples you but does no damage.
The fire dragon bites you but does no damage.
The fire dragon claws you!
* * * LOW HITPOINT WARNING * * *
You block the fire dragon's attack.
There is an escape hatch in the ceiling here.
You block the orc priest's attack. The fire dragon breathes flames at you.
The blast of flame hits you!!
You die...

.#'##########)##.#.# #.# .@.#
.........##.#.# #.###
.#.##.###.....##.#.###### #....
.#....###.....##.#.#.....####....
<.......#.(...##.#.#.............
###D.#.##....###.#.#.............
####.#...)...#.....'..........(..
#............#.#.#.#......>......
#.##.......(.#..@#.'.............
..###.#........Do#.#.............
#................'.#...<......(.#
#.####.#.......oo#.#...##..†..(.#
#...##...........#.#... #....(..#
###.##.......)...# #... #########
#.###............'...
###...#................
..'...#.......≈≈.≈.....


You could see a fire dragon (catching breath), an orc priest, an orc wizard
(invisible) and an orc.

Vanquished Creatures
  A two-headed ogre (D:8)
  Maurice (D:9)
  Maggie (D:8)
  A hippogriff (D:8)
  A wyvern (D:8)
  A sky beast (D:8)
  An ice beast (D:6)
  3 ogres
  A phantom (D:5)
  A centaur (D:5)
  A big kobold (D:9)
  A bullfrog (D:6)
  5 scorpions
  12 wights
  3 howler monkeys
  2 bullfrog zombies
  5 orc wizards
  A jelly (D:8)
  A bullfrog skeleton (D:5)
  2 orc priests (D:4)
  7 hounds
  2 iguanas (D:6)
  6 worker ants
  12 adders
  2 howler monkey skeletons
  A shadow imp (D:8)
  4 white imps
  An ufetubus (D:6)
  2 adder zombies (D:8)
  An adder skeleton (D:5)
  2 worms
  6 dart slugs
  4 leopard geckos
  29 orcs
  A ball python (D:3)
  8 giant cockroaches
  6 hobgoblins
  10 jackals
  5 quokkas
  3 bats
  6 frilled lizards
  A giant cockroach zombie (D:5)
  7 goblins
  13 kobolds
  A quokka skeleton (D:5)
  7 rats
192 creatures vanquished.

Notes
Turn   | Place    | Note
-------+----------+-------------------------------------------
     0 | D:1      | HammerPanzer the Draconian Berserker began the quest for
                  | the Orb.
     0 | D:1      | Reached XP level 1. HP: 19/19 MP: 1/1
     2 | D:1      | Noticed an ogre
     2 | D:1      | Noticed a centaur
     4 | D:1      | Noticed a minotaur
     6 | D:1      | Noticed a spriggan
     6 | D:1      | Noticed a dwarf
     8 | D:1      | Noticed a naga
     8 | D:1      | Noticed a halfling
    10 | D:1      | Noticed a ghoul
    10 | D:1      | Noticed a merfolk
    14 | D:1      | Noticed an elf
    14 | D:1      | Noticed a demigod
    16 | D:1      | Noticed a vine stalker
    16 | D:1      | Noticed a gargoyle
    18 | D:1      | Noticed a formicid
    18 | D:1      | Noticed a troll
    24 | D:1      | Noticed a tengu
    24 | D:1      | Noticed an octopode
    26 | D:1      | Noticed a human
    26 | D:1      | Noticed a demonspawn
    28 | D:1      | Noticed a felid
    28 | D:1      | Noticed a draconian
    30 | D:1      | Noticed a vampire
   197 | D:1      | Reached XP level 2. HP: 25/26 MP: 2/2
   769 | D:2      | Noticed an ogre
   830 | D:2      | Reached XP level 3. HP: 30/31 MP: 3/3
   832 | D:2      | Reached ** piety under Trog
   848 | D:2      | Reached skill level 4 in Long Blades
   899 | D:2      | Killed an ogre
   899 | D:2      | Reached skill level 5 in Long Blades
   899 | D:2      | Reached XP level 4. HP: 33/38 MP: 4/4
  1038 | D:2      | Reached XP level 5. HP: 35/45 MP: 5/5
  1374 | D:2      | Found an ornate altar of the Wu Jian Council.
  1397 | D:2      | Found a faded altar of an unknown god.
  1962 | D:3      | Found a snail-covered altar of Cheibriados.
  2162 | D:3      | Reached *** piety under Trog
  2253 | D:3      | Found a radiant altar of Vehumet.
  2327 | D:3      | Reached XP level 6. HP: 42/51 MP: 6/6
  2432 | D:3      | Found an opulent altar of Gozag.
  2723 | D:4      | Reached skill level 6 in Long Blades
  3502 | D:5      | Entered Level 5 of the Dungeon
  3520 | D:5      | Your scales start taking on a glossy black colour.
  3520 | D:5      | Reached XP level 7. HP: 42/57 MP: 7/7
  3520 | D:5      | Gained mutation: You are resistant to electric shocks.
                  | (rElec) [Black Draconian growth]
  3708 | D:5      | Reached skill level 7 in Long Blades
  3825 | D:5      | Reached skill level 5 in Dodging
  3964 | D:5      | You fall into a shaft and drop 2 floors!
  4040 | D:7      | Reached **** piety under Trog
  4056 | D:7      | Reached skill level 8 in Long Blades
  4273 | D:6      | Found Sepnily's General Store.
  4282 | D:6      | Found Avetac's Magic Scroll Shoppe.
  4416 | D:6      | Reached XP level 8. HP: 63/63 MP: 8/8
  4839 | D:6      | Found Beseil's General Store.
  4979 | D:6      | Bought a +1 tower shield of protection for 247 gold pieces
  5100 | D:6      | Found Quonyo's Antique Weapon Shop.
  5401 | D:6      | Reached skill level 1 in Shields
  5438 | D:6      | Found a radiant altar of Vehumet.
  5936 | D:5      | Found a staircase to the Ecumenical Temple.
  6279 | D:6      | Reached skill level 9 in Long Blades
  7090 | D:7      | Reached XP level 9. HP: 72/72 MP: 9/9
  7228 | D:8      | Found a blossoming altar of Fedhas.
  7272 | D:8      | Noticed Maggie
  7293 | D:8      | Killed Maggie
  7293 | D:8      | Reached skill level 5 in Fighting
  7665 | D:8      | Noticed a two-headed ogre
  7678 | D:8      | Killed a two-headed ogre
  7678 | D:8      | Reached skill level 10 in Long Blades
  7808 | D:8      | Reached ***** piety under Trog
  7848 | D:8      | Found a shadowy altar of Dithmenos.
  8340 | D:9      | Noticed Maurice
  8387 | D:9      | Noticed a fire dragon
  8946 | D:9      | Found a staircase to the Lair.
  8960 | D:9      | Killed Maurice
  8960 | D:9      | Reached XP level 10. HP: 84/84 MP: 10/10
  8970 | D:9      | Killed from afar by a fire dragon

Illustrated notes

Levels and vault maps discovered:
D:1:      kb_arrival_jail, layout_rooms, minmay_pentomino_u2
D:2:      layout_rooms, lemuel_doored_altar, chequers_ecumenical_altar_island
D:3:      layout_basic, lemuel_coloured_pillars_altar, kennysheep_slug_shrine,
          overflow_temple_1_default, minivault_26
D:4:      layout_cave_pools
D:5:      layout_loops_ring, minmay_temple_entry_enclosed_plants
D:6:      kennysheep_spiral_hall, layout_basic, serial_shops, shop, shop, shop,
          nicolae_shop_stone, basic_altar
D:7:      layout_basic
D:8:      layout_basic, grunt_temple_overflow_open, uniq_maggie
D:9:      layout_basic, minmay_lair_entry_lava, uniq_maurice

Skill      XL: |  1  2  3  4  5  6  7  8  9 |
---------------+----------------------------+-----
Dodging        | 3 4 5 6 7 |  7.3
Long Blades    | 5 6 8 9 10 | 10.9
Shields        | 2 4 |  4.7
Fighting       | 4 6 |  6.3

Action                   |  1- 3 |  4- 6 |  7- 9 | 10-12 || total
-------------------------+-------+-------+-------+-------++-------
Melee: Falchion          |    89 |   254 |     8 |       ||   351
       Tailslap          |    12 |    27 |    74 |     1 ||   114
       Long sword        |       |       |   483 |     5 ||   488
Invok: Berserk           |     2 |     3 |     5 |       ||    10
 Abil: Breathe Lightning |       |       |     2 |       ||     2
  Use: Scroll            |     4 |     7 |    10 |       ||    21
       Potion            |       |       |     1 |       ||     1
 Stab: Sleeping          |       |       |     1 |       ||     1
Armor: Skin              |    30 |    87 |   117 |     6 ||   240
Dodge: Dodged            |    63 |   145 |   135 |     2 ||   345
Block: Buckler           |       |    25 |    12 |       ||    37
       Tower shield      |       |       |   269 |     8 ||   277
       Reflection        |       |       |     9 |       ||     9
       Rpst.: Falchion   |    24 |    39 |       |       ||    63
       Long sword        |       |       |    36 |       ||    36

Table legend: (Time is in decaauts)
 A = Elapsed time spent in this place.
 B = Non-inter-level travel time spent in this place.
 C = Inter-level travel time spent in this place.
 D = Time resting spent in this place.
 E = Time spent auto-exploring this place.
 F = Levels seen in this place.
 G = Mean time per level.
                   A        B        C        D        E       F      G
               +--------+--------+--------+--------+--------+-----+--------+
         Total |   9087 |   8938 |    149 |   2764 |   3933 |   9 | 1009.7 |
       Dungeon |   9087 |   8938 |    149 |   2764 |   3933 |   9 | 1009.7 |
               +--------+--------+--------+--------+--------+-----+--------+

Top non-repeatable levels by time:
     D:8: 1537 daAuts
     D:6: 1517 daAuts
     D:7: 1218 daAuts
     D:5: 1021 daAuts
     D:4: 992 daAuts
     D:3: 938 daAuts
     D:1: 833 daAuts
     D:2: 793 daAuts
     D:9: 234 daAuts
